 Dungeon Crawl Stone Soup version 0.32-a0-876-gcfddb08e57 (webtiles) character file.

Game seed: 16117665402927985441

12 ezpacito the Chopper (level 2, -12/24 HPs)
             Began as a Coglin Chaos Knight on Apr 1, 2024.
             Was a Plaything of Xom.
             Killed from afar by a steam dragon (21 damage)
             ... with a ball of steam
             ... on level 1 of the Dungeon.
             The game lasted 00:00:16 (206 turns).

ezpacito the Chopper (Coglin Chaos Knight)           Turns: 206, Time: 00:00:16

Health: -12/24     AC:  5    Str: 12    XL:     2   Next: 33%
Magic:  2/2        EV: 10    Int: 11    God:    Xom [..*...]
Gold:   13         SH:  0    Dex: 13    Spells: 1/1 levels left

rFire   . . .        a - +0 hand axe (chaos) {Kenzo}
rCold   . . .        d - +0 dagger {Yamquzzuhalamma}
rNeg    . . .        b - +2 leather armour
rPois   .            (no helmet)
rElec   .            (no cloak)
rCorr   .            (no gloves)
SInv    .            (no boots)
Will    .....        (amulet unavailable)
Stlth   +            (ring unavailable)
HPRegen 0.24/turn    (ring unavailable)
MPRegen 0.08/turn    (no gizmo)

%: no passive effects
@: revving
A: off-hand wielding, slow wielding, warmup strikes, no jewellery
a: Invent Gizmo, Renounce Religion


You were on level 1 of the Dungeon.
You worshipped Xom.
You were a toy of Xom.
You visited 1 branch of the dungeon, and saw 1 of its levels.

You collected 13 gold pieces.

Inventory:

Hand Weapons
 a - a +0 hand axe of chaos (weapon) {Kenzo}
 d - a +0 dagger (offhand) {Yamquzzuhalamma}
Armour
 b - a +2 leather armour (worn)


   Skills:
 * Level 3.1 Fighting
 * Level 3.2 Axes
 + Level 0.4(1.8) Polearms
 * Level 1.9 Armour
 * Level 1.0 Dodging
 + Level 0.2 Stealth
 + Level 0.0 Spellcasting


You had one spell level left.
You didn't know any spells.
Your spell library was empty.

Dungeon Overview and Level Annotations

Branches:
Dungeon (1/15)

Altars:


Innate Abilities, Weirdness & Mutations

You can wield a second weapon in your off-hand.
It takes a long time for you to wield or remove held weapons.
Your first few attacks do less damage.
You cannot equip rings or amulets.


Message History

You are engulfed in a cloud of scalding steam.
You take 7 damage, and have 9/24 hp.
MASSIVE DAMAGE!!
You swap places.
Your butterfly is engulfed in a cloud of scalding steam.
Your butterfly dies!
Your butterfly disappears in a burst of colours!
Your butterfly is engulfed in a cloud of scalding steam.
Your butterfly dies!
Your butterfly disappears in a burst of colours!
Your butterfly is engulfed in a cloud of scalding steam.
Your butterfly dies!
Your butterfly disappears in a burst of colours!
The steam dragon completely misses your butterfly. x2
Your butterfly is engulfed in a cloud of scalding steam.
Your butterfly dies!
Your butterfly disappears in a burst of colours!
Your butterfly is engulfed in a cloud of scalding steam.
Your butterfly dies!
Your butterfly disappears in a burst of colours!
Your butterfly is engulfed in a cloud of scalding steam.
Your butterfly dies!
Your butterfly disappears in a burst of colours!
Your butterfly is engulfed in a cloud of scalding steam.
Your butterfly dies!
Your butterfly disappears in a burst of colours!
The steam dragon misses your butterfly. The steam dragon claws your butterfly.
Your butterfly dies!
Your butterfly disappears in a burst of colours!
You swap places.
The steam dragon breathes steam at you. The ball of steam hits your butterfly!
Your butterfly dies!
Your butterfly disappears in a burst of colours!
The ball of steam hits your butterfly!!
Your butterfly dies!
Your butterfly disappears in a burst of colours!
The ball of steam hits you!!
Ouch! That really hurt!
You die...
Xom laughs nastily!

#.....#.#.#.# ### #.####.
###+###.#.#^# #.. #....#.
.#. #.# #.# ####... #.# #.#
###. ..# #.# #.
############.# #.
.......b.b.b.# ##
#b!.###b.b.##############
.#.#D).§§@b...........)...
..bbbbb†bb#b###############
...bbb..###... ....bb#.#
####.. ##b.b...# #..
#....... # #...b.##. #...b.
# ...#


There were no monsters in sight!

Vanquished Creatures
  A dart slug (D:1)
  An endoplasm (D:1)
  A hobgoblin (D:1)
  3 kobolds (D:1)
  A quokka (D:1)
  A ball python (D:1)
  2 bats (D:1)
10 creatures vanquished.

Notes
Turn   | Place    | Note
-------+----------+-------------------------------------------
     0 | D:1      | ezpacito the Coglin Chaos Knight began the quest for the
                  | Orb.
     0 | D:1      | Reached XP level 1. HP: 18/18 MP: 1/1
    79 | D:1      | Reached skill level 1 in Dodging
   117 | D:1      | Reached XP level 2. HP: 24/24 MP: 2/2
   200 | D:1      | a bat changed into a steam dragon
   200 | D:1      | Noticed a steam dragon
   206 | D:1      | Killed from afar by a steam dragon

Illustrated notes

Levels and vault maps discovered:
D:1:      matt_arrival_los_fun, layout_rooms, serial_park_tiny_pond,
          nicolae_nh_oracle_at_delphi

Skill      XL: |  1 |
---------------+----+-----
Dodging        | 1 |  1.0
Fighting       | |  3.1
Axes           | |  3.2
Polearms       | |  0.4
Armour         | |  1.9
Stealth        | |  0.2

Action                     || total
---------------------------++-------
  Melee: Hand axe          ||    20
         Dagger            ||    19
    Use: Scroll            ||     1
 Armour: Leather armour    ||    17
  Dodge: Dodged            ||    21

Table legend: (Time is in decaauts)
 A = Elapsed time spent in this place.
 B = Non-inter-level travel time spent in this place.
 C = Inter-level travel time spent in this place.
 D = Time resting spent in this place.
 E = Time spent auto-exploring this place.
 F = Levels seen in this place.
 G = Mean time per level.
                   A        B        C        D        E       F      G
               +--------+--------+--------+--------+--------+-----+--------+
         Total |    207 |    207 |      0 |      0 |    160 |   1 |  207.0 |
       Dungeon |    207 |    207 |      0 |      0 |    160 |   1 |  207.0 |
               +--------+--------+--------+--------+--------+-----+--------+

Top non-repeatable levels by time:
     D:1: 207 daAuts
